 Dungeon Crawl Stone Soup version 0.27.0-1-g7a089689b8 (webtiles) character file.

Game seed: 8850693673790363658

96410 Ge0ff the Thaumaturge (level 16, -24/113 HPs)
             Began as a Djinni Artificer on Aug 13, 2021.
             Was the Champion of Makhleb.
             Engulfed by a cloud of freezing vapour (34 damage)
             ... in a Gauntlet.
             The game lasted 01:07:46 (26396 turns).

Ge0ff the Thaumaturge (Djinni Artificer)           Turns: 26396, Time: 01:07:47

Health: -24/113    AC: 16    Str: 11    XL:     16   Next: 66%
Gold:   4026       EV: 19    Int: 19    God:    Makhleb [******] SH:  5 Dex: 15

rFire    + + .     SeeInvis .   a - staff of earth
rCold    x . .     Faith    .   J - +0 buckler
rNeg     . . .     Spirit   .   j - +3 troll leather armour
rPois    ∞         Reflect  .   h - +2 hat of the Farmer {*Corrode rPois Will++ Stlth+}
rElec    .         Harm     .   (no cloak)
rCorr    .         Rampage  .   g - +1 pair of gloves
Will     +++..     NoTele   +   (boots unavailable)
Stlth    ++........             (no amulet)
HPRegen  1.28/turn              p - +4 ring of evasion
MPRegen  0.00/turn              Q - +4 ring of protection {=R}

@: flying
A: sickness immunity, fire resistance 2, cold vulnerability 1, float, innate
caster, hp casting, extra vitality 1
a: Renounce Religion, Minor Destruction, Lesser Servant of Makhleb, Major
Destruction, Greater Servant of Makhleb


You were in a Gauntlet.
You worshipped Makhleb.
Makhleb was exalted by your worship.
You visited 4 branches of the dungeon, and saw 23 of its levels.
You also visited: Ossuary, Gauntlet and Ice Cave.

You collected 4591 gold pieces.
You spent 565 gold pieces at shops.

Inventory:

Hand Weapons
 b - a +5 short sword of electrocution
 w - a +1 dagger of venom
 K - the +3 broad axe of Decaying Expedience {protect, Int+4 Dex+7}
   (You found it on level 12 of the Dungeon)

   It grants its wielder temporary protection when it strikes (+7 to AC).
   Int:       It affects your intelligence (+4).
   Dex:       It affects your dexterity (+7).
Missiles
 u - 14 boomerangs (quivered)
 x - 13 javelins
 I - 4 boomerangs of dispersal
Armour
 g - a +1 pair of gloves (worn)
 h - the +2 hat of the Farmer (worn) {*Corrode rPois Will++ Stlth+}
   (You bought it in a shop on level 2 of the Orcish Mines)

   rPois:     It protects you from poison.
   *Corrode:  It may corrode you when you take damage.
   Will:      It greatly increases your willpower.
   Stlth:     It makes you more stealthy.
 j - a +3 troll leather armour (worn)
 J - a +0 buckler (worn)
 S - the +2 robe of Patterns {Rampage rElec rC+++ Slay+3}
   (You found it on level 4 of the Dungeon)

   Slay:      It affects your accuracy & damage with ranged weapons and melee
   (+3).
   rC:        It renders you almost immune to cold.
   rElec:     It insulates you from electricity.
   Rampage:   It bestows one free step when moving towards enemies.
Magical Staves
 a - a staff of earth (weapon)
 X - a staff of cold
Jewellery
 p - a +4 ring of evasion (left hand)
 r - the ring of Hysysmyk {rF+ rCorr}
   (You found it on level 6 of the Lair of Beasts)

   [ring of resist corrosion]

   rF:        It protects you from fire.
   rCorr:     It protects you from acid and corrosion.
 D - a ring of protection from cold
 G - an amulet of faith
 H - a ring of wizardry
 O - a +4 ring of slaying
 Q - a +4 ring of protection (right hand) {=R}
 Y - a ring of see invisible
Wands
 e - a wand of charming (17)
 f - a wand of flame (31)
 k - a wand of iceblast (12)
 s - a wand of mindburst (4)
 P - a wand of polymorph (52)
Scrolls
 i - 6 scrolls of identify
 m - 3 scrolls of magic mapping
 y - a scroll of immolation
 C - a scroll of torment
 E - 5 scrolls of fear
 T - 9 scrolls of teleportation
 V - a scroll of vulnerability
Potions
 o - 3 potions of ambrosia
 q - 9 potions of curing
 z - a potion of brilliance
 A - 5 potions of attraction
 F - 3 potions of mutation {!q}
 L - 5 potions of lignification
 M - 2 potions of might
 N - 3 potions of cancellation {!q}
 R - 2 potions of resistance
 W - 4 potions of heal wounds {!q}
 Z - 3 potions of berserk rage {!q}
Miscellaneous
 c - a condenser vane (inert)
 d - a piece from Xom's chessboard (15/15)
 l - a lightning rod (1/4)
 n - a phial of floods (inert)
 t - a tin of tremorstones (1/2)
 U - a phantom mirror


   Skills:
 + Level 10.1 Fighting
 - Level 10.0 Short Blades
 - Level 6.0 Throwing
 - Level 7.0 Armour
 + Level 7.2 Dodging
 - Level 1.0 Stealth
 - Level 4.0 Shields
 * Level 14.3 Spellcasting
 + Level 10.1 Evocations


You had 18 spell levels left.
You knew the following spells:

 Your Spells              Type           Power      Damage    Failure   Level
b - Statue Form           Tmut/Erth      53%        N/A       2%          6
m - Gell's Gravitas       Tloc           31%        N/A       1%          3
s - Vampiric Draining     Necr           31%        2d10      1%          3
C - Lee's Rapid Deconstr  Erth           40%        3d21*     1%          5
E - Slow                  Hex            62%        N/A       1%          2
S - Summon Small Mammal   Summ           100%       N/A       0%          1
Z - Metabolic Englaciati  Hex/Ice        31%        N/A       1%          5
Your spell library was empty.

Dungeon Overview and Level Annotations

Branches:
Dungeon (15/15)            Temple (1/1) D:6            Lair (6/6) D:8
  Swamp (0/4) Lair:4       Spider (0/4) Lair:2        Slime (0/5) Lair:5
    Orc (2/2) D:11            Elf (0/3) Orc:2        Depths (0/5) D:15
Ossuary (visited)           IceCv (visited)         Gauntlet (1/1)
 Vaults: D:13-14

Altars:
Ashenzari
Cheibriados
Dithmenos
Elyvilon
Fedhas
Gozag
Hepliaklqana
Kikubaaqudgha
Makhleb
Nemelex Xobeh
Okawaru
Qazlal
Ru
Sif Muna
Trog
Uskayaw
Vehumet
Wu Jian
Xom
Yredelemnul
Zin
The Shining One
Beogh
Jiyva
Lugonu

Shops:
D:7 (   Orc:2 ?:([

Annotations:
Lair:6 1 exclusion Gauntlet 7 transporters, 13 runed translucent doors, exclusion: obsidian statue


Innate Abilities, Weirdness & Mutations

You are immune to sickness and miasma.
You are immune to poison.
Your flesh is very heat resistant. (rF++)
You are vulnerable to cold. (rC-)
You float through the air rather than walking.
You learn spells naturally, not from books.
Your magical power is your life essence.
You have superior vitality. (+4 HP)


Message History

A death yak simulacrum comes into view.
The death yak simulacrum gores you but does no damage.
Casting: Lee's Rapid Deconstruction (mildly dangerous; 1% risk of failure)
Confirm with . or Enter, or press ? or * to list all spells.
Aiming: Lee's Rapid Deconstruction (mildly dangerous; 1% risk of failure)
Press: ? - help, Dir - move target A stone wall.
You feel a surge of power!
The wall shatters!
The blast of rock fragments hits the death yak simulacrum!!
The death yak simulacrum is severely damaged.
The death yak simulacrum misses you.
The death yak simulacrum gores you but does no damage.
The death yak simulacrum gores you! The death yak simulacrum freezes you!!!
You feel a terrible chill!
Blink to where?
Press: ? - help, Dir - move target
As you read the scroll of blinking, it crumbles to dust.
Casting: Lee's Rapid Deconstruction (mildly dangerous; 1% risk of failure)
Confirm with . or Enter, or press ? or * to list all spells.
Aiming: Lee's Rapid Deconstruction (mildly dangerous; 1% risk of failure)
Press: ? - help, Dir - move target, f - death yak simulacrum Fragment what (e.g. wall or brittle monster)?: a death yak simulacrum Some shallow water, summoned.
You feel a surge of power!
The death yak simulacrum shatters!!!
The death yak simulacrum vaporises!
The death yak simulacrum enters a dispersal trap!
You blink.
Casting: Lee's Rapid Deconstruction (mildly dangerous; 1% risk of failure)
Confirm with . or Enter, or press ? or * to list all spells.
Aiming: Lee's Rapid Deconstruction (mildly dangerous; 1% risk of failure)
Press: ? - help, Dir - move target, f - death yak simulacrum Fragment what (e.g. wall or brittle monster)?: a death yak simulacrum (freezing vapour, severely damaged) Some shallow water, summoned.
You feel a surge of power!
The death yak simulacrum shatters!!
The death yak simulacrum vaporises!
You are engulfed in freezing vapours.
* * * LOW HITPOINT WARNING * * *
Really quaff
W - 5 potions of heal wounds {!q}?
You feel much better.
You are engulfed in freezing vapours.
* * * LOW HITPOINT WARNING * * *
Casting: Lee's Rapid Deconstruction (mildly dangerous; 1% risk of failure)
Confirm with . or Enter, or press ? or * to list all spells.
Aiming: Lee's Rapid Deconstruction (mildly dangerous; 1% risk of failure)
Press: ? - help, Dir - move target, f - death yak simulacrum Fragment what (e.g. wall or brittle monster)?: a death yak simulacrum (freezing vapour)
You feel a surge of power!
The death yak simulacrum shatters!!!
The death yak simulacrum vaporises!
* * * LOW HITPOINT WARNING * * *
You are engulfed in freezing vapours.
You die...

##########################
##≈#≈#≈#≈#§#≈#≈#≈#≈#≈#≈#≈#§
##...........§§.............
#≈..........................
##..###########..###########
#≈§.##^......##..#...+..+..#
##..#.#^....#§#..#...+..+^.#
#≈..#..#..≈#§§#..#..##++#++#
##..#)..#Z#@§≈####..'...+..# #
#≈..#©...#©≈§§#©©#©.'...#.©# ##.
##..#=..#^#§)§####..††..'..# ....
#§§.#$.#...#§.#..#..##''#++#
#..###..#.#^....#.#..#...'†.+^.#
#....#..##.......##..#...'..+..#
##...©#..###########..###########
......#..........................
##....#.∩........................


There were no monsters in sight!

Vanquished Creatures
  13 hydras
  Fannar (Lair:2)
  3 ogre magi (Orc:2)
  3 centaur warriors (D:11)
  8 boulder beetles
  A catoblepas (Lair:3)
  8 two-headed ogres
  A death knight (D:11)
  10 death yaks
  Nergalle (Lair:2)
  Urug (D:10)
  3 bog bodies (Lair:4)
  2 orc knights
  A necromancer (Gauntlet)
  A wizard (Gauntlet)
  A deep elf pyromancer (D:12)
  11 orc sorcerers
  3 ugly things
  2 manticores
  6 black mambas
  2 ice statues (IceCv)
  5 elephants
  2 gargoyles (D:11)
  An unseen horror (D:11)
  18 cane toads
  An unseen horror (shapeshifter) (D:11)
  A freezing wraith (IceCv)
  16 orc warriors
  8 rime drakes
  11 komodo dragons
  A tengu conjurer (D:11)
  An anaconda simulacrum (IceCv)
  7 trolls
  A hornet (D:11)
  12 polar bears
  A queen bee (Gauntlet)
  10 slime creatures (D:12)
  Grinder (D:5)
  A raiju (Lair:6)
  Prince Ribbit (D:6)
  15 blink frogs
  5 dream sheep (Lair:6)
  Sigmund (D:2)
  A spriggan (Lair:5)
  A shadow (D:9)
  A vampire (D:11)
  A wraith (D:10)
  7 wyverns
  40 yaks
  Eustachio (D:4)
  9 basilisks
  A steam dragon (D:10)
  3 vampire mosquitoes
  11 wargs
  Menkaure (D:7)
  2 death yak simulacra
  4 acid dragons
  2 swamp worms
  16 hell hounds (Lair:6)
  15 water moccasins
  14 black bears
  A sky beast (D:6)
  4 ogres
  A phantom (D:4)
  A necrophage (D:7)
  7 centaurs
  37 wolves
  6 kobold brigands
  2 elf zombies (Ossuary)
  A gnoll sergeant (D:12)
  19 bullfrogs
  A two-headed ogre simulacrum (D:12)
  A cane toad simulacrum (D:12)
  A scorpion (D:7)
  A water moccasin skeleton (D:5)
  3 elephant simulacra
  15 killer bees
  12 wights
  An electric eel (Lair:4)
  5 howler monkeys
  4 centaur zombies
  3 orc priests
  3 hounds
  A centaur skeleton (D:5)
  A gnoll shaman (D:10)
  A bullfrog skeleton (D:4)
  Terence (D:3)
  Jessica (D:3)
  3 iguanas
  44 orc wizards
  A polar bear simulacrum (IceCv)
  3 spriggan simulacra (D:12)
  A troll simulacrum (D:12)
  A hound zombie (D:5)
  A hound skeleton (D:5)
  2 mummies (Ossuary)
  2 howler monkey zombies
  Robin (D:3)
  16 adders
  7 gnolls
  A howler monkey skeleton (D:5)
  2 shadow imps (Gauntlet)
  2 white imps
  2 ufetubi
  3 adder zombies (Ossuary)
  An adder skeleton (D:2)
  5 worms
  A dart slug (D:2)
  54 orcs
  6 ball pythons
  6 endoplasms
  2 giant cockroaches
  22 goblins
  4 hobgoblins
  10 jackals
  28 kobolds
  4 quokkas
  5 bats
  5 frilled lizards
  5 hobgoblin zombies (Ossuary)
  3 jackal zombies (Ossuary)
  9 kobold zombies (Ossuary)
  11 orc zombies (Ossuary)
  9 rats
  3 rat zombies (Ossuary)
751 creatures vanquished.

Vanquished Creatures (collateral kills)
  A cane toad (Lair:3)
  An ice beast (D:6)
  An orc warrior (D:9)
  2 orc priests (D:6)
  A jelly (D:6)
  An orc (D:6)
7 creatures vanquished.

Vanquished Creatures (others)
  An orc warrior (Orc:1)
  A bullfrog (D:6)
  An orc wizard (Orc:2)
  3 bushes (Lair:6)
  27 fungi
  68 plants
  2 withered plants (D:15)
103 creatures vanquished.

Grand Total: 861 creatures vanquished

Notes
Turn   | Place    | Note
-------+----------+-------------------------------------------
     0 | D:1      | Ge0ff the Djinni Artificer began the quest for the Orb.
     0 | D:1      | Reached XP level 1. HP: 17/17 MP: 0/0
    54 | D:1      | Reached skill level 1 in Stealth
   145 | D:1      | Reached XP level 2. HP: 20/22 MP: 0/0
   180 | D:1      | Reached skill level 1 in Spellcasting
   360 | D:1      | Found a faded altar of an unknown god.
   360 | D:1      | Noticed a floating eye
   360 | D:1      | Noticed an eye of devastation
   361 | D:1      | Noticed an eye of devastation
   361 | D:1      | Noticed an eye of devastation
   616 | D:1      | Reached XP level 3. HP: 25/27 MP: 0/0
   616 | D:1      | Learned a level 1 spell: Summon Small Mammal
  1418 | D:2      | Noticed Sigmund
  1794 | D:2      | Reached skill level 1 in Short Blades
  2197 | D:2      | Reached XP level 4. HP: 32/32 MP: 0/0
  2264 | D:2      | Found a hazy altar of Hepliaklqana.
  2380 | D:2      | Killed Sigmund
  2381 | D:2      | Reached XP level 5. HP: 37/37 MP: 0/0
  2381 | D:2      | Learned a level 2 spell: Slow
  2381 | D:2      | Reached XP level 6. HP: 42/42 MP: 0/0
  2404 | D:2      | Reached skill level 2 in Spellcasting
  2956 | D:3      | Noticed Robin
  2966 | D:3      | Killed Robin
  3238 | D:3      | Noticed Terence
  3278 | D:3      | Killed Terence
  3327 | D:3      | Found a basalt altar of Yredelemnul.
  3338 | D:3      | Found a sparkling altar of Nemelex Xobeh.
  3459 | D:3      | Reached XP level 7. HP: 44/47 MP: 0/0
  3459 | D:3      | Learned a level 3 spell: Gell's Gravitas
  3484 | D:3      | Noticed Jessica
  3846 | D:3      | Killed Jessica
  4600 | D:4      | Found a white marble altar of Elyvilon.
  4600 | D:4      | Found a glowing silver altar of Zin.
  4601 | D:4      | Found a glowing golden altar of the Shining One.
  4787 | D:4      | Identified the +2 robe of Patterns {Rampage rElec rC+++
                  | Slay+3}
  5164 | D:4      | Found a sacrificial altar of Ru.
  5164 | D:4      | Found a shimmering altar of Xom.
  5402 | D:5      | Entered Level 5 of the Dungeon
  5426 | D:5      | Reached skill level 5 in Short Blades
  5447 | D:5      | Noticed Eustachio
  5470 | D:4      | Killed Eustachio
  5471 | D:4      | Reached XP level 8. HP: 44/55 MP: 0/0
  5659 | D:5      | Noticed Grinder
  5662 | D:5      | Killed Grinder
  5663 | D:5      | Reached skill level 1 in Throwing
  5663 | D:5      | Reached skill level 3 in Spellcasting
  6053 | D:5      | Found a hide-covered altar of Uskayaw.
  6233 | D:5      | Reached skill level 5 in Evocations
  6233 | D:5      | Reached XP level 9. HP: 62/62 MP: 0/0
  6233 | D:5      | Learned a level 3 spell: Vampiric Draining
  6553 | D:6      | Found a sand-covered staircase.
  6560 | Ossuary  | Entered an ossuary
  6793 | Ossuary  | Reached skill level 4 in Spellcasting
  7100 | D:6      | Noticed Prince Ribbit
  7103 | D:6      | Killed Prince Ribbit
  7367 | D:6      | Reached skill level 5 in Fighting
  7437 | D:6      | Found a staircase to the Ecumenical Temple.
  7454 | Temple   | Entered the Ecumenical Temple
  7468 | Temple   | Became a worshipper of Makhleb the Destroyer
  7706 | D:6      | Killed an orc warrior
  7707 | D:6      | Reached XP level 10. HP: 70/70 MP: 0/0
  7741 | D:6      | Found a stormy altar of Qazlal.
  8155 | D:7      | Reached skill level 5 in Spellcasting
  8504 | D:7      | Noticed Menkaure
  8509 | D:7      | Killed Menkaure
  8543 | D:7      | Reached * piety under Makhleb
  9029 | D:7      | Found Kacijes's Antique Weapon Shop.
  9241 | D:8      | Identified a scroll of acquirement
  9981 | D:8      | Found a staircase to the Lair.
 10088 | D:8      | Found an iron altar of Okawaru.
 10097 | D:8      | Noticed a two-headed ogre
 10104 | D:8      | Killed a two-headed ogre
 10585 | D:8      | Noticed a two-headed ogre
 11098 | D:8      | Killed a two-headed ogre
 11099 | D:8      | Reached skill level 6 in Spellcasting
 11099 | D:8      | Reached XP level 11. HP: 75/75 MP: 0/0
 11099 | D:8      | Learned a level 5 spell: Lee's Rapid Deconstruction
 12000 | D:9      | Identified the +6 tower shield of Hituj {Rampage}
 12340 | D:9      | Reached ** piety under Makhleb
 12545 | D:9      | Reached skill level 5 in Dodging
 12636 | D:9      | Found a hazy altar of Hepliaklqana.
 12819 | D:10     | Entered Level 10 of the Dungeon
 13048 | D:10     | Reached skill level 1 in Shields
 13172 | D:10     | Found an opulent altar of Gozag.
 13216 | D:10     | Found an ornate altar of the Wu Jian Council.
 13248 | D:10     | Noticed Urug
 13518 | D:10     | Noticed a two-headed ogre
 13534 | D:10     | Killed a two-headed ogre
 13535 | D:10     | Reached skill level 7 in Spellcasting
 14088 | D:11     | Noticed a two-headed ogre
 14097 | D:11     | Killed a two-headed ogre
 14140 | D:11     | Noticed a two-headed ogre
 14156 | D:11     | Killed a two-headed ogre
 14331 | D:11     | Found a staircase to the Orcish Mines.
 14394 | D:11     | Noticed a boulder beetle
 14395 | D:11     | a boulder beetle changed into a swamp worm
 14505 | D:11     | Identified the +5 scimitar of Painful Death {freeze, Dex+4}
 14620 | D:11     | Noticed a two-headed ogre
 14634 | D:11     | Killed a two-headed ogre
 14827 | D:11     | Noticed a boulder beetle
 14827 | D:11     | Noticed a brown ugly thing
 14836 | D:11     | Killed a brown ugly thing
 14855 | D:11     | Reached skill level 8 in Spellcasting
 14855 | D:11     | Reached XP level 12. HP: 77/81 MP: 0/0
 14951 | D:11     | Noticed an eight-headed hydra
 15139 | D:11     | Killed a boulder beetle
 15220 | D:10     | Acquired a staff of earth
 15279 | D:10     | Killed Urug
 15357 | Lair:1   | Entered Level 1 of the Lair of Beasts
 15362 | Lair:1   | Reached *** piety under Makhleb
 15795 | Lair:1   | Reached skill level 9 in Spellcasting
 16116 | Lair:2   | Noticed Nergalle
 16135 | Lair:2   | Killed Nergalle
 16199 | Lair:2   | Reached skill level 5 in Armour
 16364 | Lair:2   | Reached **** piety under Makhleb
 16552 | Lair:2   | Found a hole to the Spider Nest.
 16555 | Lair:2   | Reached XP level 13. HP: 84/88 MP: 0/0
 16555 | Lair:2   | Learned a level 5 spell: Metabolic Englaciation
 16834 | Lair:2   | Noticed Fannar
 16845 | Lair:2   | Killed Fannar
 16846 | Lair:2   | Reached skill level 10 in Short Blades
 17123 | Lair:3   | Reached skill level 10 in Spellcasting
 17629 | Lair:3   | Noticed a boulder beetle
 17631 | Lair:3   | Noticed a four-headed hydra
 17727 | Lair:3   | Killed a four-headed hydra
 17764 | Lair:3   | Noticed a four-headed hydra
 17770 | Lair:3   | Killed a four-headed hydra
 17819 | Lair:3   | Killed a boulder beetle
 17998 | Lair:3   | Noticed an eight-headed hydra
 18006 | Lair:3   | Noticed a boulder beetle
 18007 | Lair:3   | Killed an eight-headed hydra
 18008 | Lair:3   | Reached skill level 11 in Spellcasting
 18016 | Lair:3   | Killed a boulder beetle
 18120 | Lair:3   | Noticed a five-headed hydra
 18127 | Lair:3   | Killed a five-headed hydra
 18178 | Lair:3   | Reached XP level 14. HP: 69/101 MP: 0/0
 18755 | Lair:4   | Reached ***** piety under Makhleb
 18861 | Lair:4   | Reached skill level 12 in Spellcasting
 18998 | Lair:4   | Reached skill level 10 in Fighting
 19550 | Lair:4   | Found a staircase to the Swamp.
 19917 | Lair:5   | Found a staircase to the Slime Pits.
 19918 | Lair:5   | Found a viscous altar of Jiyva.
 20845 | Lair:6   | Entered Level 6 of the Lair of Beasts
 21117 | Lair:6   | Reached XP level 15. HP: 93/107 MP: 0/0
 21117 | Lair:6   | Learned a level 6 spell: Statue Form
 21594 | Lair:6   | Reached skill level 13 in Spellcasting
 21640 | Lair:6   | Acquired 749 gold pieces
 21681 | Lair:6   | Reached ****** piety under Makhleb
 21689 | Lair:6   | Identified the ring of Hysysmyk {rF+ rCorr}
 21691 | Lair:6   | Acquired 1090 gold pieces
 22555 | D:11     | Reached skill level 5 in Throwing
 23450 | D:12     | Identified the +3 broad axe of Decaying Expedience
                  | {protect, Int+4 Dex+7}
 23489 | D:12     | Found a frozen archway.
 23503 | IceCv    | Entered an ice cave
 23511 | IceCv    | Reached XP level 16. HP: 63/113 MP: 0/0
 23692 | IceCv    | Found a transporter.
 23702 | IceCv    | Found a transporter.
 24477 | Orc:1    | Entered Level 1 of the Orcish Mines
 24937 | Orc:2    | Entered Level 2 of the Orcish Mines
 25313 | Orc:2    | Found a staircase to the Elven Halls.
 25528 | Orc:2    | Reached skill level 14 in Spellcasting
 25634 | Orc:2    | Found Ceum's Magic Scroll Shop.
 25641 | Orc:2    | Bought a scroll of teleportation for 39 gold pieces
 25641 | Orc:2    | Bought a scroll of vulnerability for 97 gold pieces
 25714 | Orc:2    | Found Ymead's Antique Weapon Shop.
 25869 | Orc:2    | Found Oreexuv's Antique Armour Shop.
 25892 | Orc:2    | Found Gukarghu's Book Boutique.
 25919 | Orc:2    | Bought a spiked hat for 234 gold pieces
 25919 | Orc:2    | Identified the +2 hat of the Farmer {*Corrode rPois Will++
                  | Stlth+} (You bought it in a shop on level 2 of the Orcish
                  | Mines)
 25919 | Orc:2    | Bought a pair of embroidered gloves for 195 gold pieces
 26094 | D:13     | You are sucked into a shaft and drop 2 floors!
 26094 | D:15     | Entered Level 15 of the Dungeon
 26094 | D:15     | Found a staircase to the Depths.
 26106 | D:15     | Found a gate leading to a gauntlet.
 26118 | Gauntlet | Entered a Gauntlet
 26118 | Gauntlet | Found a transporter.
 26118 | Gauntlet | Found a transporter.
 26118 | Gauntlet | Found a transporter.
 26134 | Gauntlet | Found a transporter.
 26149 | Gauntlet | Found a transporter.
 26152 | Gauntlet | Found a transporter.
 26163 | Gauntlet | Found a transporter.
 26166 | Gauntlet | Found a transporter.
 26176 | Gauntlet | Found a transporter.
 26192 | Gauntlet | Found a transporter.
 26212 | Gauntlet | Found a transporter.
 26213 | Gauntlet | Found a transporter.
 26215 | Gauntlet | Found a runed translucent gate.
 26216 | Gauntlet | Found a large runed translucent door.
 26216 | Gauntlet | Found a large runed translucent door.
 26216 | Gauntlet | Found a runed translucent gate.
 26217 | Gauntlet | Found a large runed translucent door.
 26218 | Gauntlet | Found a large runed translucent door.
 26219 | Gauntlet | Found a large runed translucent door.
 26219 | Gauntlet | Found a large runed translucent door.
 26219 | Gauntlet | Found a runed translucent door.
 26220 | Gauntlet | Found a large runed translucent door.
 26221 | Gauntlet | Found a large runed translucent door.
 26261 | Gauntlet | Found a large runed translucent door.
 26262 | Gauntlet | Found a large runed translucent door.
 26263 | Gauntlet | Found a large runed translucent door.
 26263 | Gauntlet | Found a large runed translucent door.
 26263 | Gauntlet | Found a runed translucent door.
 26264 | Gauntlet | Found a large runed translucent door.
 26265 | Gauntlet | Found a large runed translucent door.
 26266 | Gauntlet | Found a large runed translucent door.
 26266 | Gauntlet | Found a large runed translucent door.
 26267 | Gauntlet | Found a runed translucent gate.
 26323 | Gauntlet | Reached skill level 10 in Evocations
 26394 | Gauntlet | HP: 1/113 [cloud of freezing vapour (37)]
 26396 | Gauntlet | Engulfed by a cloud of freezing vapour

Illustrated notes

Levels and vault maps discovered:
D:1:      erik_arrival_cave_to_civilisation [erik_arrival_cave_to_hall],
          layout_basic, hellmonk_ecumenical_altar_watching_god
D:2:      layout_basic, basic_altar, minmay_tiny_reverse_x, uniq_sigmund
D:3:      layout_rooms, mainiacjoe_overflow_swirl, hangedman_decor_growths,
          grunt_decor_resistance, uniq_jessica, uniq_robin, uniq_terence
D:4:      cheibrodos_old_hovel, layout_gridville, good_gods_mini_temple,
          mainiacjoe_overflow_divided_tiny, kennysheep_generic_room_15
D:5:      layout_gridville, eat_drink_and_be_merry_uskayaw, serial_glass,
          glass_columns_c, glass_columns_b, glass_columns_b, glass_columns_b,
          glass_columns_a, glass_columns_a, roderic_serpentine_path,
          minmay_ogre_servants, uniq_grinder, uniq_eustachio
D:6:      layout_rooms, lemuel_crystal_altar, minmay_temple_entry_grid,
          nicolae_ossuary_entry_ruins, uniq_prince_ribbit1
D:7:      layout_basic, serial_shops, shop, roderic_lattice_a, uniq_menkaure
D:8:      layout_layer_cave, mainiacjoe_overflow_small_starburst,
          dpeg_oklobed_lair
D:9:      layout_cave_pods, mainiacjoe_overflow_boulevard, minmay_starry_boxes
D:10:     layout_basic, palyth_temple_overflow_mages,
          nicolae_gozag_seed_capital, kennysheep_mini, uniq_urug
D:11:     minmay_the_grid_octo_tiled_octocenter [minmay_the_grid_octo_checkered,
          minmay_the_grid_octo_horde, minmay_the_grid_octo_odd_swirl,
          minmay_the_grid_octo_toaster,
          minmay_the_grid_octo_prize_ultimate_mussel_roller,
          minmay_the_grid_square_5x5_inner_i,
          minmay_the_grid_square_5x5_sharp_hourglass,
          minmay_the_grid_square_5x5_bracketed,
          minmay_the_grid_square_5x5_shrine2], layout_irregular_city,
          ebering_dispersal_statue_hall
D:12:     layout_roguey, portal_ice_cave_entry_ice_simulacra
D:13:     layout_layer_cave, serial_shops, shop, muffindrake_ghost_dual_entry,
          led_sif_pool, uniq_nessos
D:15:     gammafunk_depths_entry_grave, layout_rooms, minmay_misc_feat_alley,
          gauntlet_entry_generic, gammafunk_ghost_stat_death, grunt_decor_cap,
          nicolae_qazlal_scattered_showers
Temple:   corrupted_temple
Lair:1:   layout_roguey, grunt_megastairs_3, infiniplex_staircase_pool
Lair:2:   layout_hall_layers, dummy_spider_entry, beast_lair_carwin_7,
          lemuel_fruit_tree, uniq_fannar, uniq_nergalle
Lair:3:   nzn_winding_woodlands_huge [nzn_winding_woodlands_5x15_sidewinder,
          nzn_winding_woodlands_5x15_cabin, nzn_winding_woodlands_5x15_zeroes,
          nzn_winding_woodlands_5x15_parted,
          nzn_winding_woodlands_5x15_longhouse, nzn_winding_woodlands_5x15_eye,
          nzn_winding_woodlands_5x15_pockets, nzn_winding_woodlands_5x15_garden,
          nzn_winding_woodlands_5x15_lazy_stream,
          nzn_winding_woodlands_5x15_default,
          nzn_winding_woodlands_center_garden,
          nzn_winding_woodlands_center_lodge,
          nzn_winding_woodlands_15x15_thick_spiral], layout_loops_ring
Lair:4:   layout_big_grid, nicolae_swamp_entry_splash_gauntlet,
          beast_lair_carwin_8
Lair:5:   layout_cave_pods, slime_altar_1, grunt_forest_stairs_clearing
Lair:6:   guppyfry_lair_end_dragon, layout_regular_city,
          hangedman_lair_caniforms_friends, minivault_23, grunt_megastairs_1
Orc:1:    layout_caves
Orc:2:    kennysheep_orc_mage_school, layout_caves, nicolae_orc_lost_temple
Gauntlet: minmay_gauntlet_mixed_big_or_small [nicolae_gauntlet_arena_blocks,
          minmay_gauntlet_arena_77_fan,
          minmay_gauntlet_arena_make_your_own_arena,
          minmay_gauntlet_arena_77_braids, nicolae_gauntlet_arena_x,
          minmay_gauntlet_arena_77_double_cross, gauntlet_exit_hidden_loot]

Skill      XL: |  1  2  3  4  5  6  7  8  9 10 11 12 13 14 15 16 |
---------------+-------------------------------------------------+-----
Stealth        | 1 |  1.0
Spellcasting   | 1 2 3 4 6 8 9 11 12 13 14 | 14.3
Short Blades   | 1 4 5 6 7 8 9 10 | 10.0
Dodging        | 3 4 5 7 |  7.2
Fighting       | 2 4 5 6 9 10 | 10.1
Evocations     | 4 5 6 7 8 10 | 10.1
Throwing       | 1 2 3 5 6 |  6.0
Armour         | 2 3 4 5 7 |  7.0
Shields        | 3 4 |  4.0

Action                   |  1- 3 |  4- 6 |  7- 9 | 10-12 | 13-15 | 16-18 || total
-------------------------+-------+-------+-------+-------+-------+-------++-------
Melee: Mace              |    68 |       |       |       |       |       ||    68
       Club              |     4 |       |       |       |       |       ||     4
       Short sword       |    20 |   111 |   322 |   294 |    53 |    10 ||   810
       Staff             |       |       |       |     3 |     6 |    12 ||    21
Throw: Stone             |       |       |   102 |   102 |       |       ||   204
       Boomerang         |       |       |       |    48 |    13 |     1 ||    62
 Cast: Slow              |       |     4 |     4 |     3 |     3 |       ||    14
       Vampiric Draining |       |       |       |     3 |    78 |    12 ||    93
       Lee's Rapid Decon |       |       |       |    62 |   417 |   162 ||   641
       Metabolic Englaci |       |       |       |       |     2 |       ||     2
       Statue Form       |       |       |       |       |     1 |       ||     1
       Gell's Gravitas   |       |       |       |       |       |     9 ||     9
Evoke: Wand              |     9 |       |    22 |    23 |    22 |     2 ||    78
       Piece from Xom's  |       |     5 |       |    18 |       |       ||    23
       Lightning rod     |       |       |       |       |     4 |     4 ||     8
       Tin of tremorston |       |       |       |       |     2 |     1 ||     3
       Condenser vane    |       |       |       |       |     1 |     1 ||     2
       Phial of floods   |       |       |       |       |       |     1 ||     1
  Use: Scroll            |     4 |     2 |    12 |    10 |    15 |     3 ||    46
       Potion            |       |       |     2 |       |       |     2 ||     4
 Stab: Sleeping          |     4 |     2 |     4 |     2 |       |       ||    12
       Confused          |       |     2 |       |     1 |       |       ||     3
       Petrified         |       |     3 |       |     3 |       |       ||     6
       Paralysed         |       |       |       |       |     9 |       ||     9
Armor: Leather armour    |    22 |    30 |    23 |       |       |       ||    75
       Robe              |       |       |    32 |    45 |       |       ||    77
       Troll leather arm |       |       |       |    16 |    42 |    38 ||    96
       Skin              |       |       |       |       |    15 |       ||    15
Dodge: Dodged            |    68 |    47 |   184 |   170 |   156 |    72 ||   697
Block: Buckler           |       |       |       |       |    50 |    24 ||    74
